PAA
MINNESOTA LOONS @ SPRINGFIELD SHOOTERS
05/20/2031
 
TOP OF THE 1ST
Minnesota Loons batting - Pitching for Springfield Shooters : RHP Tony DeWitt
Pitching: RHP Tony DeWitt
Batting: RHB Héctor Espiga 0-0: Ball
1-0: Swinging Strike
1-1: Called Strike
1-2: Fly out, F4 (Popup, 4)
Batting: RHB Hani Azwan 0-0: Ball
1-0: Foul Ball, location: 2F
1-1: Ball
2-1: SINGLE (Line Drive, 4D)
Batting: LHB Bennett Whitford 0-0: Called Strike
Hani Azwan steals 2nd base
0-1: Fly out, F8 (Flyball, 89M)
Batting: LHB Juan Aranda 0-0: Ball
1-0: Fly out, F5 (Popup, 5SF)
Top of the 1st over - 0 runs, 1 hit, 0 errors, 1 left on base; Minnesota 0 - Springfield 0
BOTTOM OF THE 1ST
Springfield Shooters batting - Pitching for Minnesota Loons : LHP Miguel López
Pitching: LHP Miguel López
Batting: RHB Eun-bum Kim 0-0: Called Strike
0-1: Called Strike
0-2: Ball
1-2: Fly out, F7 (Flyball, 7LMF)
Batting: RHB Barrett Drury 0-0: Foul Ball, location: 2F
0-1: Ball
1-1: Foul Ball, location: 2F
1-2: Foul Ball, location: 2F
1-2: Foul Ball, location: 2F
1-2: SINGLE (Line Drive, 56)
Batting: RHB Fletcher Megarity 0-0: Ball
1-0: Fielders Choice at 2nd, 6-4 (Groundball, 6)
Batting: LHB John Schaefer 0-0: 2-RUN HOME RUN (Line Drive, 89XD), Distance : 412 ft
Batting: RHB Lee Allen 0-0: Ball
1-0: Called Strike
1-1: Ball
2-1: Swinging Strike
2-2: Ball
3-2: Base on Balls
Batting: LHB Armando Rodríguez 0-0: Ball
1-0: Ball
2-0: Called Strike
2-1: Fielders Choice at 2nd, U6 (Groundball, 6M)
Bottom of the 1st over - 2 runs, 2 hits, 0 errors, 1 left on base; Minnesota 0 - Springfield 2
TOP OF THE 2ND
Minnesota Loons batting - Pitching for Springfield Shooters : RHP Tony DeWitt
Batting: RHB Ángelo Delgado 0-0: Foul Ball, location: 2F
0-1: Ball
1-1: Called Strike
1-2: Fly out, F9 (Line Drive, 9LS)
Batting: RHB Cody Jaeckel 0-0: Foul Ball, location: 2F
0-1: Ball
1-1: Ball
2-1: SINGLE (Groundball, 6D)
Batting: RHB Luis Delvalle 0-0: Ball
1-0: Ball
2-0: Called Strike
2-1: Fly out, F7 (Flyball, 78D)
Batting: SHB Raúl Mateo 0-0: Ball
1-0: Swinging Strike
1-1: Ball
2-1: Ball
3-1: Swinging Strike
3-2: Fly out, F8 (Flyball, 8RM)
Top of the 2nd over - 0 runs, 1 hit, 0 errors, 1 left on base; Minnesota 0 - Springfield 2
BOTTOM OF THE 2ND
Springfield Shooters batting - Pitching for Minnesota Loons : LHP Miguel López
Batting: RHB Miguel Elías 0-0: Ball
1-0: Ball
2-0: Fly out, F8 (Line Drive, 8RD)
Batting: LHB Marshall Willis 0-0: Ball
1-0: Ball
2-0: Ball
3-0: Base on Balls
Batting: RHB Júlio Barajas 0-0: Ball
1-0: Grounds into double play, 1-6-3 (Groundball, P)
Bottom of the 2nd over - 0 runs, 0 hits, 0 errors, 0 left on base; Minnesota 0 - Springfield 2
TOP OF THE 3RD
Minnesota Loons batting - Pitching for Springfield Shooters : RHP Tony DeWitt
Batting: RHB Rubén Medina 0-0: Ball
1-0: Swinging Strike
1-1: Called Strike
1-2: Strikes out looking
Batting: RHB Héctor Espiga 0-0: Ball
1-0: Fly out, F4 (Popup, 23)
Batting: RHB Hani Azwan 0-0: Called Strike
0-1: Swinging Strike
0-2: SINGLE (Line Drive, 34D)
Batting: LHB Bennett Whitford 0-0: Ball
Hani Azwan is caught stealing 2nd base
Top of the 3rd over - 0 runs, 1 hit, 0 errors, 0 left on base; Minnesota 0 - Springfield 2
BOTTOM OF THE 3RD
Springfield Shooters batting - Pitching for Minnesota Loons : LHP Miguel López
Batting: RHB Eun-bum Kim 0-0: Called Strike
0-1: Fly out, F7 (Flyball, 78D)
Batting: RHB Barrett Drury 0-0: Ball
1-0: Ball
2-0: Ground out 4-3 (Groundball, 4)
Batting: RHB Fletcher Megarity 0-0: Ball
1-0: Ball
2-0: Ball
3-0: Base on Balls
Batting: LHB John Schaefer 0-0: Ball
1-0: Ball
2-0: Ball
3-0: Called Strike
3-1: Swinging Strike
3-2: Base on Balls
Fletcher Megarity to second
Batting: RHB Lee Allen 0-0: Ball
1-0: Ball
2-0: Ground out 6-3 (Groundball, 6M)
Bottom of the 3rd over - 0 runs, 0 hits, 0 errors, 2 left on base; Minnesota 0 - Springfield 2
TOP OF THE 4TH
Minnesota Loons batting - Pitching for Springfield Shooters : RHP Tony DeWitt
Batting: LHB Bennett Whitford 0-0: Ball
1-0: Fly out, F7 (Flyball, 78D)
Batting: LHB Juan Aranda 0-0: Ball
1-0: Called Strike
1-1: Ball
2-1: Ground out 4-3 (Groundball, 4)
Batting: RHB Ángelo Delgado 0-0: Ball
1-0: Ball
2-0: Ball
3-0: Base on Balls
Batting: RHB Cody Jaeckel 0-0: Ball
1-0: Called Strike
1-1: Ball
2-1: SINGLE (Line Drive, 7S)
Ángelo Delgado to second
Batting: RHB Luis Delvalle 0-0: Ball
1-0: Fielders Choice at 2nd, 6-4 (Groundball, 6)
Top of the 4th over - 0 runs, 1 hit, 0 errors, 2 left on base; Minnesota 0 - Springfield 2
BOTTOM OF THE 4TH
Springfield Shooters batting - Pitching for Minnesota Loons : LHP Miguel López
Batting: LHB Armando Rodríguez 0-0: SINGLE (Groundball, 34D)
Batting: RHB Miguel Elías 0-0: Fly out, F8 (Flyball, 8LM)
Batting: LHB Marshall Willis 0-0: Called Strike
0-1: Foul Ball, location: 2F
0-2: Ball
1-2: Ball
2-2: SINGLE (Groundball, 34S) (infield hit)
Armando Rodríguez to second
Batting: RHB Júlio Barajas 0-0: Ball
1-0: Called Strike
1-1: Ball
2-1: Foul Ball, location: 2F
2-2: Ball
3-2: Base on Balls
Armando Rodríguez to third
Marshall Willis to second
Batting: RHB Eun-bum Kim 0-0: Swinging Strike
0-1: Ball
1-1: Grounds into fielders choice 1-2 (Groundball, 13)
Marshall Willis to third
Júlio Barajas to second
Batting: RHB Barrett Drury 0-0: Ground out 3-1 (Groundball, 34S)
Bottom of the 4th over - 0 runs, 2 hits, 0 errors, 3 left on base; Minnesota 0 - Springfield 2
TOP OF THE 5TH
Minnesota Loons batting - Pitching for Springfield Shooters : RHP Tony DeWitt
Batting: SHB Raúl Mateo 0-0: Called Strike
0-1: Foul Ball, location: 2F
0-2: Ground out 3-1 (Groundball, 34S)
Batting: RHB Rubén Medina 0-0: SINGLE (Flyball, 9LM)
Batting: RHB Héctor Espiga 0-0: Ball
1-0: Fielders Choice at 2nd, 5-4 (Groundball, 56)
Batting: RHB Hani Azwan 0-0: Called Strike
0-1: Ball
1-1: DOUBLE (Flyball, 89D)
Héctor Espiga to third
Batting: LHB Bennett Whitford 0-0: Foul Ball, location: 2F
0-1: DOUBLE (Groundball, 3L)
Héctor Espiga scores
Hani Azwan scores
Batting: LHB Juan Aranda 0-0: Swinging Strike
0-1: Ball
1-1: Swinging Strike
1-2: Ball
2-2: Foul Ball, location: 2F
2-2: Strikes out looking
Top of the 5th over - 2 runs, 3 hits, 0 errors, 1 left on base; Minnesota 2 - Springfield 2
BOTTOM OF THE 5TH
Springfield Shooters batting - Pitching for Minnesota Loons : LHP Miguel López
Batting: RHB Fletcher Megarity 0-0: Ball
1-0: Ball
2-0: Called Strike
2-1: Ball
3-1: Ground out 5-3 (Groundball, 56)
Batting: LHB John Schaefer 0-0: Ball
1-0: Ball
2-0: Foul Ball, location: 2F
2-1: Ground out 4-3 (Groundball, 4)
Batting: RHB Lee Allen 0-0: Ball
1-0: SINGLE (Groundball, 6MD)
Batting: LHB Armando Rodríguez 0-0: Called Strike
0-1: Ball
1-1: Fly out, F8 (Flyball, 8LM)
Bottom of the 5th over - 0 runs, 1 hit, 0 errors, 1 left on base; Minnesota 2 - Springfield 2
TOP OF THE 6TH
Minnesota Loons batting - Pitching for Springfield Shooters : RHP Tony DeWitt
Batting: RHB Ángelo Delgado 0-0: Called Strike
0-1: Ball
1-1: Ball
2-1: Ball
3-1: Base on Balls
Batting: RHB Cody Jaeckel 0-0: Bunted foul
0-1: Bunted foul
0-2: Ball
Balk!
Ángelo Delgado to second
1-2: Ball
2-2: Ground out 6-3 (Groundball, 6M)
Ángelo Delgado to third
Batting: RHB Luis Delvalle 0-0: Foul Ball, location: 2F
0-1: Swinging Strike
0-2: Ball
1-2: Strikes out swinging
Batting: SHB Raúl Mateo 0-0: Called Strike
0-1: Swinging Strike
0-2: Ball
1-2: Foul Ball, location: 2F
1-2: SINGLE (Groundball, 4D)
Ángelo Delgado scores
Pitching: RHP Jon Murillo
Batting: RHB Rubén Medina 0-0: Called Strike
0-1: Swinging Strike
0-2: Ball
1-2: Strikes out swinging
Top of the 6th over - 1 run, 1 hit, 0 errors, 1 left on base; Minnesota 3 - Springfield 2
BOTTOM OF THE 6TH
Springfield Shooters batting - Pitching for Minnesota Loons : LHP Miguel López
Batting: RHB Miguel Elías 0-0: Foul Ball, location: 2F
0-1: Ball
1-1: Ground out 6-3 (Groundball, 6)
Batting: LHB Marshall Willis 0-0: Foul Ball, location: 2F
0-1: SINGLE (Line Drive, 4MD)
Batting: RHB Júlio Barajas 0-0: Ball
1-0: Called Strike
1-1: Ball
2-1: Swinging Strike
2-2: Foul Ball, location: 2F
2-2: Foul Ball, location: 2F
2-2: Strikes out swinging
Batting: RHB Eun-bum Kim 0-0: Called Strike
0-1: Ball
Pickoff Throw to First - Out!
Bottom of the 6th over - 0 runs, 1 hit, 0 errors, 0 left on base; Minnesota 3 - Springfield 2
TOP OF THE 7TH
Minnesota Loons batting - Pitching for Springfield Shooters : RHP Jon Murillo
Batting: RHB Héctor Espiga 0-0: SINGLE (Groundball, 56D)
Pinch Hitting: LHB Rim Hong-Do 0-0: Ball
Pickoff Throw to First - Out!
1-0: Ground out 4-3 (Groundball, 4MS)
Batting: LHB Bennett Whitford 0-0: Called Strike
0-1: Foul Ball, location: 2F
0-2: Strikes out swinging
Top of the 7th over - 0 runs, 1 hit, 0 errors, 0 left on base; Minnesota 3 - Springfield 2
BOTTOM OF THE 7TH
Springfield Shooters batting - Pitching for Minnesota Loons : LHP Miguel López
Now in RF: Rim Hong-Do
Batting: RHB Eun-bum Kim 0-0: Ball
1-0: Ball
2-0: Swinging Strike
2-1: Ball
3-1: Called Strike
3-2: Base on Balls
Pitching: RHP Fernando Barraza
Batting: RHB Barrett Drury 0-0: Ball
1-0: Ball
2-0: Called Strike
Eun-bum Kim steals 2nd base
2-1: Sac Bunt - play at first, batter OUT! U3
Eun-bum Kim to third
Batting: RHB Fletcher Megarity 0-0: Called Strike
0-1: Ball
1-1: Fly out, F8 (Flyball, 8LS)
Runner from 3rd tags up, SCORES, no throw
Batting: LHB John Schaefer 0-0: Ball
1-0: Foul Ball, location: 2F
1-1: Ball
2-1: Foul Ball, location: 2F
2-2: Strikes out looking
Bottom of the 7th over - 1 run, 0 hits, 0 errors, 0 left on base; Minnesota 3 - Springfield 3
TOP OF THE 8TH
Minnesota Loons batting - Pitching for Springfield Shooters : RHP Jon Murillo
Batting: LHB Juan Aranda 0-0: Foul Ball, location: 2F
0-1: Ball
1-1: Ball
2-1: Called Strike
2-2: Foul Ball, location: 2F
2-2: Fly out, F7 (Flyball, 7S)
Batting: RHB Ángelo Delgado 0-0: Ground out 4-3 (Groundball, 4)
Pinch Hitting: LHB Michael Ward 0-0: Called Strike
0-1: Ball
1-1: Ball
2-1: Called Strike
2-2: SINGLE (Flyball, 9S)
Batting: RHB Luis Delvalle 0-0: Ball
Michael Ward steals 2nd base
1-0: Ball
2-0: Foul Ball, location: 2F
2-1: Ball
3-1: Foul Ball, location: 2F
3-2: Foul Ball, location: 2F
3-2: Fly out, F7 (Flyball, 78M)
Top of the 8th over - 0 runs, 1 hit, 0 errors, 1 left on base; Minnesota 3 - Springfield 3
BOTTOM OF THE 8TH
Springfield Shooters batting - Pitching for Minnesota Loons : RHP Fernando Barraza
Now at 2B: Ramón Yniguez
Batting: RHB Lee Allen 0-0: Ball
1-0: SINGLE (Groundball, 56D)
Batting: LHB Armando Rodríguez 0-0: Ball
1-0: Ball
2-0: Ball
3-0: Base on Balls
Lee Allen to second
Batting: RHB Miguel Elías 0-0: Ball
1-0: Ball
2-0: Ball
3-0: Base on Balls
Lee Allen to third
Armando Rodríguez to second
Batting: LHB Marshall Willis 0-0: Ball
1-0: Ball
2-0: DOUBLE (Groundball, 3L)
Lee Allen scores
Armando Rodríguez scores
Miguel Elías to third
Pitching: RHP Jeff Territt
Batting: RHB Júlio Barajas 0-0: Fly out, F5 (Popup, 5F)
Batting: RHB Eun-bum Kim 0-0: Ball
1-0: Fly out, F7 (Flyball, 7LM)
Batting: RHB Barrett Drury 0-0: Ball
1-0: Ball
2-0: Fly out, F9 (Flyball, 89D)
Bottom of the 8th over - 2 runs, 2 hits, 0 errors, 2 left on base; Minnesota 3 - Springfield 5
TOP OF THE 9TH
Minnesota Loons batting - Pitching for Springfield Shooters : RHP Jon Murillo
Pitching: RHP Dermot Eridge
Batting: SHB Raúl Mateo 0-0: Ball
1-0: SINGLE (Groundball, 34D)
Pinch Hitting: RHB José Mercado 0-0: Ball
1-0: Ball
Pickoff Throw to First - Error! E1
Raúl Mateo to second
2-0: Called Strike
2-1: SINGLE (Line Drive, 6D)
Raúl Mateo to third
Pinch Runner at 1st Dhyana Snigdha:
Batting: RHB Héctor Espiga 0-0: Ball
Wild Pitch!
Raúl Mateo scores
Dhyana Snigdha to second
1-0: Ball
2-0: Called Strike
2-1: DOUBLE (Flyball, 78D)
Dhyana Snigdha scores
Batting: LHB Rim Hong-Do 0-0: Called Strike
0-1: Swinging Strike
0-2: Ball
1-2: Foul Ball, location: 2F
1-2: Foul Ball, location: 2F
1-2: Ball
Wild Pitch!
Héctor Espiga to third
2-2: DOUBLE (Groundball, 3L)
Héctor Espiga scores
Pitching: LHP Otte Leuthold
Pinch Hitting: RHB Jorge Echevarría 0-0: Called Strike
0-1: Foul Ball, location: 2F
0-2: Ball
1-2: Ball
2-2: Strikes out swinging
Batting: LHB Juan Aranda 0-0: Called Strike
0-1: Ball
1-1: Fly out, F7 (Flyball, 7S)
Batting: RHB Ángelo Delgado 0-0: Foul Ball, location: 2F
0-1: Foul Ball, location: 2F
0-2: Ball
1-2: Ball
2-2: Ball
3-2: Foul Ball, location: 2F
3-2: Reached via error on a dropped throw, E1
Rim Hong-Do to third
Batting: RHB Ramón Yniguez 0-0: Ball
1-0: Foul Ball, location: 2F
1-1: Foul Ball, location: 2F
1-2: Fly out, F7 (Line Drive, 78D)
Top of the 9th over - 3 runs, 4 hits, 2 errors, 2 left on base; Minnesota 6 - Springfield 5
BOTTOM OF THE 9TH
Springfield Shooters batting - Pitching for Minnesota Loons : RHP Jeff Territt
Now at C: Tabor Muzquiz
Now at SS: Dhyana Snigdha
Now in LF: Jorge Echevarría
Batting: RHB Fletcher Megarity 0-0: Foul Ball, location: 2F
0-1: Ball
1-1: Swinging Strike
1-2: Ball
2-2: Strikes out looking
Batting: LHB John Schaefer 0-0: Ball
1-0: Ground out 4-3 (Groundball, 4)
Batting: RHB Lee Allen 0-0: Foul Ball, location: 2F
0-1: Called Strike
0-2: Foul Ball, location: 2F
0-2: SOLO HOME RUN (Flyball, 78XD), Distance : 404 ft
Batting: LHB Armando Rodríguez 0-0: Ball
1-0: Foul Ball, location: 2F
1-1: Foul Ball, location: 2F
1-2: Strikes out swinging
Bottom of the 9th over - 1 run, 1 hit, 0 errors, 0 left on base; Minnesota 6 - Springfield 6
TOP OF THE 10TH
Minnesota Loons batting - Pitching for Springfield Shooters : LHP Otte Leuthold
Batting: RHB Luis Delvalle 0-0: Called Strike
0-1: Ball
1-1: Foul Ball, location: 2F
1-2: Foul Ball, location: 2F
1-2: Ground out 5-3 (Groundball, 56)
Batting: SHB Raúl Mateo 0-0: Ball
1-0: Ball
2-0: Called Strike
2-1: Fly out, F4 (Line Drive, 34D)
Batting: RHB Dhyana Snigdha 0-0: Ball
1-0: Called Strike
1-1: Foul Ball, location: 2F
1-2: SINGLE (Line Drive, 56)
Batting: RHB Héctor Espiga 0-0: Called Strike
Dhyana Snigdha steals 2nd base
0-1: Ground out 4-3 (Groundball, 4D)
Top of the 10th over - 0 runs, 1 hit, 0 errors, 1 left on base; Minnesota 6 - Springfield 6
BOTTOM OF THE 10TH
Springfield Shooters batting - Pitching for Minnesota Loons : RHP Jeff Territt
Batting: RHB Miguel Elías 0-0: Foul Ball, location: 2F
0-1: Ball
1-1: Fly out, F9 (Flyball, 9)
Batting: LHB Marshall Willis 0-0: Foul Ball, location: 2F
0-1: Called Strike
0-2: Ball
1-2: Ball
2-2: Strikes out swinging, 2-3 out at first.
Batting: RHB Júlio Barajas 0-0: SINGLE (Line Drive, 56)
Pinch Runner at 1st Jack Stidston:
Batting: RHB Eun-bum Kim 0-0: Ball
1-0: Swinging Strike
1-1: Fly out, F9 (Flyball, 89S)
Bottom of the 10th over - 0 runs, 1 hit, 0 errors, 1 left on base; Minnesota 6 - Springfield 6
TOP OF THE 11TH
Minnesota Loons batting - Pitching for Springfield Shooters : LHP Otte Leuthold
Now at C: Young-hoon Im
Batting: LHB Rim Hong-Do 0-0: Swinging Strike
0-1: Fly out, F3 (Line Drive, 3)
Batting: RHB Jorge Echevarría 0-0: Foul Ball, location: 2F
0-1: Ball
1-1: Foul Ball, location: 2F
1-2: Hit by Pitch
Batting: LHB Juan Aranda 0-0: Called Strike
0-1: Ball
1-1: Foul Ball, location: 2F
1-2: Grounds into double play, 5-4-3 (Groundball, 56)
Top of the 11th over - 0 runs, 0 hits, 0 errors, 0 left on base; Minnesota 6 - Springfield 6
BOTTOM OF THE 11TH
Springfield Shooters batting - Pitching for Minnesota Loons : RHP Jeff Territt
Batting: RHB Barrett Drury 0-0: Called Strike
0-1: Ground out 4-3 (Groundball, 34)
Pitching: RHP Aubrey McCrimmon
Batting: RHB Fletcher Megarity 0-0: Ball
1-0: Ball
2-0: Foul Ball, location: 2F
2-1: Foul Ball, location: 2F
2-2: Ball
3-2: Base on Balls
Batting: LHB John Schaefer 0-0: Foul Ball, location: 2F
0-1: Swinging Strike
0-2: Grounds into double play, 4-6-3 (Groundball, 4)
Bottom of the 11th over - 0 runs, 0 hits, 0 errors, 0 left on base; Minnesota 6 - Springfield 6
TOP OF THE 12TH
Minnesota Loons batting - Pitching for Springfield Shooters : LHP Otte Leuthold
Batting: RHB Tabor Muzquiz 0-0: Foul Ball, location: 2F
0-1: Ball
1-1: Ball
2-1: Ball
3-1: Base on Balls
Pinch Runner at 1st Armaan Ebrahim:
Batting: RHB Ramón Yniguez 0-0: Ball
1-0: Sac Bunt - play at first, batter OUT! 1-4
Armaan Ebrahim to second
Batting: RHB Luis Delvalle 0-0: Intentional Walk
Batting: SHB Raúl Mateo 0-0: Foul Ball, location: 2F
0-1: Called Strike
0-2: Ground out 5-3 (Groundball, 56)
Armaan Ebrahim to third
Luis Delvalle to second
Batting: RHB Dhyana Snigdha 0-0: Called Strike
0-1: Ball
1-1: Called Strike
1-2: Foul Ball, location: 2F
1-2: Ball
2-2: SINGLE (Line Drive, 56)
Armaan Ebrahim scores
Luis Delvalle to third
Runner from 3rd tries for Home, SAFE, no throw
Pitching: RHP Rex Negrete
Batting: RHB Héctor Espiga 0-0: Ball
1-0: Called Strike
1-1: Ball
2-1: Ball
3-1: Swinging Strike
3-2: Strikes out swinging
Top of the 12th over - 2 runs, 1 hit, 0 errors, 1 left on base; Minnesota 8 - Springfield 6
BOTTOM OF THE 12TH
Springfield Shooters batting - Pitching for Minnesota Loons : RHP Aubrey McCrimmon
Now at C: Júlio Vargas
Batting: RHB Lee Allen 0-0: Foul Ball, location: 2F
0-1: Foul Ball, location: 2F
0-2: Ball
1-2: Foul Ball, location: 2F
1-2: Foul Ball, location: 2F
1-2: Ball
2-2: Foul Ball, location: 2F
2-2: Ball
3-2: Base on Balls
Batting: LHB Armando Rodríguez 0-0: Called Strike
0-1: Ball
1-1: Fly out, F3 (Popup, 3F)
Batting: RHB Miguel Elías 0-0: Ball
1-0: Swinging Strike
1-1: Swinging Strike
1-2: Strikes out swinging
Batting: LHB Marshall Willis 0-0: Foul Ball, location: 2F
0-1: Fielders Choice at 2nd, 6-4 (Groundball, 6)
Bottom of the 12th over - 0 runs, 0 hits, 0 errors, 1 left on base; Minnesota 8 - Springfield 6
Tuesday, June 12th, 2018 - OOTP Baseball 18.8 Build 76